Map: NeoHumanity LE

Players

IIIIIIIIIIII

  • Race: Protoss Protoss
  • League: Master
  • Spawn Location: 5:00

Maldryl - Winner!

  • Race: Zerg Zerg
  • League: Diamond
  • Spawn Location: 11:00

VOD

Have the link to the VOD?

Description

Time

  • Played on: May 12, 2023, 2:56 p.m.
  • Length: 4:19
Show
View Real Time Build Order
Export as new Build Order

IIIIIIIIIIII Protoss 

Build Orders: 1 Gate Expand 

Get SALT Encoding   

  12  0:00  Probe  
  13  0:13  Probe  
  14  0:18  Pylon  
  14  0:25  Probe  
  15  0:37  Probe (Chrono Boost)  
  15  0:41  Gateway  
  16  0:49  Probe (Chrono Boost)  
  17  0:51  Assimilator  
  17  0:55  Probe (Chrono Boost)  
  18  1:03  Probe  
  19  1:15  Probe  
  20  1:26  Nexus  
  20  1:38  Cybernetics Core  
  20  1:44  Probe (Chrono Boost)  
  21  1:49  Pylon  
  21  1:54  Probe (Chrono Boost)  
  22  2:00  Probe  
  22  2:07  Zealot (Chrono Boost)  
  25  2:12  Probe  
  26  2:22  Gateway, Warp Gate (Chrono Boost)  
  26  2:24  Probe  
  26  2:27  Stalker (Chrono Boost)  
  29  2:35  Pylon  
  29  2:36  Probe  
  30  2:40  Probe  
  31  2:49  Probe  
  32  2:52  Probe, Twilight Council  
  33  3:01  Probe  
  33  3:04  Probe  
  35  3:13  Probe, Gateway  
  35  3:18  Probe  
  37  3:24  Gateway x2  
  37  3:32  Gateway  
  37  3:44  Gateway  
  37  3:55  Pylon  
  37  3:58  Pylon  
  37  4:02  Zealot  
  39  4:03  Zealot  
  39  4:09  Gateway  
Show
View Real Time Build Order
Export as new Build Order

Maldryl Zerg - Winner!

Build Orders: Pool First 

Get SALT Encoding   

  12  0:00  Drone  
  13  0:12  Overlord  
  13  0:16  Drone  
  14  0:30  Drone x2  
  14  0:34  Extractor, Drone  
  16  0:47  Spawning Pool  
  15  0:51  Drone  
  16  1:15  Hatchery  
  16  1:18  Drone  
  16  1:21  Drone  
  16  1:24  Drone  
  18  1:36  Zergling x2  
  19  1:41  Queen  
  21  1:52  Roach Warren  
  20  2:00  Overlord  
  20  2:07  Metabolic Boost  
  20  2:22  Zergling x6  
  23  2:39  Roach x3  
  29  2:45  Queen  
  31  2:59  Ravager  
  31  3:04  Overlord x2  
  32  3:16  Zergling x8  
  36  3:26  Ravager  
  37  3:33  Zergling x8  
  41  3:41  Overlord  
  41  3:50  Ravager  
  41  3:52  Zergling x2  
  41  3:53  Zergling x2  
  44  4:00  Zergling x6  
Tags
 
Add a new tag
Caveats
  • Supply blocks, unpowered buildings, or Contaminate may cause inaccurate times.
  • Supply counts are checked every 10 seconds.